 Dungeon Crawl Stone Soup version 0.28-a0-697-g47f3eba078 (webtiles) character file.

Game seed: 15410719181368778727

532 ytrimaz the Caller (level 7, 0/46 HPs)
             Began as a Merfolk Summoner on Oct 23, 2021.
             Was a Follower of Kikubaaqudgha.
             Succumbed to a water moccasin's poison
             ... on level 6 of the Dungeon.
             The game lasted 00:13:12 (5894 turns).

ytrimaz the Caller (Merfolk Summoner)               Turns: 5894, Time: 00:13:13

Health: 0/46       AC:  2    Str:  8    XL:     7   Next: 24%
Magic:  7/13       EV: 13    Int: 17    God:    Kikubaaqudgha [*.....]
Gold:   129        SH:  0    Dex: 18    Spells: 9/14 levels left

rFire   . . .      SeeInvis .   c - +2 spear (flame)
rCold   . . .      Faith    .   (no shield)
rNeg    . . .      Spirit   .   a - +0 robe
rPois   +          Reflect  .   (no helmet)
rElec   .          Harm     .   (no cloak)
rCorr   .          Rampage  .   (no gloves)
Will    .....                   (no boots)
Stlth   ++........              (no amulet)
HPRegen 0.15/turn               (no ring)
MPRegen 0.13/turn               (no ring)

@: lethally poisoned (0 -> -9)
A: (nimble swimmer 2), mertail, agile 2, deterioration 1, poison resistance
a: Renounce Religion, Receive Corpses


You were on level 6 of the Dungeon.
You worshipped Kikubaaqudgha.
Kikubaaqudgha was aware of your devotion.
You visited 1 branch of the dungeon, and saw 6 of its levels.

You collected 129 gold pieces.

Inventory:

Hand Weapons
 c - a +2 spear of flaming (weapon)
Armour
 a - a +0 robe (worn)
Magical Staves
 d - a staff of air
Scrolls
 b - a scroll of fear {unknown}
 f - 2 scrolls of teleportation
 h - 2 scrolls of magic mapping
Potions
 e - a potion of berserk rage
 g - a potion of might


   Skills:
 + Level 4.0(4.4) Polearms
 - Level 1.4(2.0) Staves
 - Level 2.6 Dodging
 - Level 2.1 Stealth
 + Level 4.2 Spellcasting
 + Level 5.9 Summonings
 * Level 1.4 Necromancy
 - Level 0.3 Air Magic


You had 9 spell levels left.
You knew the following spells:

 Your Spells              Type           Power      Damage    Failure   Level
a - Summon Small Mammal   Summ           92%        N/A       1%          1
b - Call Canine Familiar  Summ           23%        N/A       4%          3
c - Animate Skeleton      Necr           16%        N/A       9%          1

Your spell library contained the following spells:

 Spells                   Type           Power      Damage    Failure   Level
 Call Imp                 Summ           23%        N/A       1%          2
 Pain                     Necr           32%        1d5       9%          1
 Sublimation of Blood     Necr           4%         N/A       13%         2
 Summon Guardian Golem    Hex/Summ       13%        N/A       14%         3
 Static Discharge         Conj/Air       4%         N/A       22%         2
 Vampiric Draining        Necr           4%         2d6       26%         3
 Summon Lightning Spire   Summ/Air       14%        N/A       38%         4
 Lightning Bolt           Conj/Air       2%         1d13      99%         5
 Maxwell's Capacitive Co  Air            2%         ∞         100%        8


Dungeon Overview and Level Annotations

Branches:
Dungeon (6/15)
 Temple: D:4-7

Altars:
Kikubaaqudgha
Trog
Vehumet
Zin

Annotations:
D:6 Eustachio


Innate Abilities, Weirdness & Mutations

((You are quick and stealthy near water. (Stealth+, EV+, Speed+++)))
Your lower body shifts to a powerful aquatic tail in water.
You are very agile. (Dex +4)
Your body sometimes deteriorates upon taking damage.
Your system is resistant to poisons. (rPois)


Message History

The wyvern zombie completely misses your hound.
Your hound barely misses the wyvern zombie.
Casting: Summon Small Mammal (safe; 1% risk of failure)
Confirm with . or Enter, or press ? or * to list all spells.
You feel sick.
The wyvern zombie closely misses your hound.
The water moccasin misses you.
Your hound barely misses the wyvern zombie.
The wyvern zombie completely misses your hound.
You feel sick.
Your hound barely misses the wyvern zombie.
Your hound bites the wyvern zombie but does no damage.
The wyvern zombie bites your hound!
Your hound dies!
Your hound's corpse disappears in a puff of smoke!
The water moccasin bites you but does no damage.
You feel sick.
Your rat barely misses the water moccasin.
Casting: Summon Small Mammal (safe; 1% risk of failure)
Confirm with . or Enter, or press ? or * to list all spells.
You feel sick.
You are no longer poisoned.
The water moccasin completely misses you.
The water moccasin bites you!
* * * LOW HITPOINT WARNING * * *
You are lethally poisoned!
The water moccasin poisons you!
Your rat bites the water moccasin.
* * * LOW HITPOINT WARNING * * *
You feel very sick.
Your rat closely misses the water moccasin.
It was a potion of mutation.
You feel extremely strange.
You feel resistant to poisons.
You feel agile.
You feel yourself wasting away.
You feel agile.
* * * LOW HITPOINT WARNING * * *
You feel sick.
The water moccasin bites you but does no damage.
Your rat misses the water moccasin.
You swap places.
You die...
Kikubaaqudgha rasps: "You have failed me!
Welcome... death!"

####################
...............@hSr#
.#################.#
#.# #.# #.# #.# #Z#
######.# #..h§..#


You could see a water moccasin (ally target), a friendly hound (summoned) and a
friendly rat (summoned).

Vanquished Creatures
  An ogre (D:6)
  A water moccasin skeleton (D:5)
  A centaur zombie (D:5)
  2 hounds
  Terence (D:2)
  Natasha (twice) (D:2)
  An adder (D:3)
  An adder zombie (D:4)
  A worm (D:2)
  A dart slug (D:1)
  2 orcs
  5 endoplasms
  A giant cockroach (D:2)
  4 hobgoblins
  3 jackals (D:4)
  4 kobolds
  2 quokkas (D:4)
  5 ball pythons
  2 bats (D:1)
  A frilled lizard (D:3)
41 creatures vanquished.

Vanquished Creatures (collateral kills)
  A hound (D:5)
  A jelly (D:4)
  Jessica (D:2)
  An orc wizard (D:5)
  A gnoll (D:1)
  2 adders (D:4)
  A howler monkey skeleton (D:5)
  A dart slug (D:4)
  3 orcs (D:5)
  5 bats
  2 endoplasms (D:1)
  A goblin (D:1)
  3 hobgoblins (D:1)
  A jackal (D:4)
  2 ball pythons
  2 frilled lizards (D:1)
  3 kobolds
  A rat (D:1)
32 creatures vanquished.

Vanquished Creatures (others)
  A wizard (D:4)
1 creature vanquished.

Grand Total: 74 creatures vanquished

Notes
Turn   | Place    | Note
-------+----------+-------------------------------------------
     0 | D:1      | ytrimaz the Merfolk Summoner began the quest for the Orb.
     0 | D:1      | Reached XP level 1. HP: 13/13 MP: 3/3
    28 | D:1      | Found a faded altar of an unknown god.
   323 | D:1      | Reached XP level 2. HP: 4/19 MP: 1/5
   752 | D:1      | Reached XP level 3. HP: 21/24 MP: 4/6
  1747 | D:1      | Learned a level 3 spell: Call Canine Familiar
  2187 | D:2      | Noticed Natasha
  2193 | D:2      | Killed Natasha
  2194 | D:2      | Reached XP level 4. HP: 29/30 MP: 0/8
  2474 | D:2      | Noticed Jessica
  2479 | D:2      | Killed Jessica
  2480 | D:2      | Reached skill level 1 in Staves
  2480 | D:2      | Reached skill level 5 in Summonings
  2639 | D:2      | Noticed Natasha
  2651 | D:2      | Killed Natasha
  2652 | D:2      | Reached XP level 5. HP: 23/35 MP: 6/9
  2757 | D:2      | Noticed Terence
  2772 | D:2      | Killed Terence
  2966 | D:3      | Found an ancient bone altar of Kikubaaqudgha.
  2966 | D:3      | Found a radiant altar of Vehumet.
  2966 | D:3      | Found a glowing silver altar of Zin.
  2975 | D:3      | Became a worshipper of Kikubaaqudgha
  3454 | D:3      | Reached skill level 1 in Polearms
  4092 | D:4      | Found a bloodstained altar of Trog.
  4110 | D:4      | Noticed a wizard
  4112 | D:4      | Killed a wizard
  4404 | D:4      | Reached * piety under Kikubaaqudgha
  4404 | D:4      | Received a gift from Kikubaaqudgha
  4409 | D:4      | Learned a level 1 spell: Animate Skeleton
  4473 | D:4      | Reached XP level 6. HP: 38/41 MP: 3/11
  4687 | D:5      | Entered Level 5 of the Dungeon
  5047 | D:5      | Reached skill level 1 in Necromancy
  5318 | D:6      | Reached XP level 7. HP: 46/46 MP: 10/13
  5323 | D:6      | Identified the +6 hunting sling "Meineor" {vorpal, Str+5
                  | Int+2 Stlth-}
  5439 | D:6      | Noticed Eustachio
  5893 | D:6      | Gained mutation: Your system is resistant to poisons.
                  | (rPois) [potion of mutation]
  5893 | D:6      | Gained mutation: You are agile. (Dex +2) [potion of
                  | mutation]
  5893 | D:6      | Gained mutation: Your body sometimes deteriorates upon
                  | taking damage. [potion of mutation]
  5893 | D:6      | Gained mutation: You are very agile. (Dex +4) [potion of
                  | mutation]
  5893 | D:6      | HP: 2/46 [poisoned by a water moccasin]
  5894 | D:6      | Succumbed to a water moccasin's poison

Illustrated notes

Levels and vault maps discovered:
D:1:      dpeg_arrival_renting, layout_loops_cross,
          shapermc_ecumenical_altar_flowoftime, minmay_tromino_v2
D:2:      layout_loops_ring, uniq_natasha, uniq_terence, uniq_jessica
D:3:      layout_basic, gammafunk_temple_overflow_claw, serial_park_tiny_pond,
          chequers_jeans, kennysheep_another_room
D:4:      layout_basic, trog_wizard
D:5:      layout_basic, dk_noncrumbling_3, grunt_tough_drop, uniq_edmund
D:6:      layout_loops_ring, nicolae_qazlal_style_of_elements, temple_doors_e,
          nicolae_wooded_promenade, uniq_sigmund, uniq_eustachio, uniq_maggie

Skill      XL: |  1  2  3  4  5  6  7 |
---------------+----------------------+-----
Staves         | 1 |  1.4
Summonings     | 5 |  5.9
Spellcasting   | 3 4 |  4.2
Polearms       | 2 3 4 |  4.0
Necromancy     | 1 |  1.4
Dodging        | |  2.6
Stealth        | |  2.1
Air Magic      | |  0.3

Action                   |  1- 3 |  4- 6 |  7- 9 || total
-------------------------+-------+-------+-------++-------
Melee: Unarmed           |     8 |       |       ||     8
       Spear             |    17 |   102 |    46 ||   165
       Staff             |    36 |       |       ||    36
 Cast: Summon Small Mamm |    33 |    15 |     6 ||    54
       Call Canine Famil |     3 |    18 |    11 ||    32
       Animate Skeleton  |       |       |     1 ||     1
  Use: Scroll            |     1 |     7 |     1 ||     9
       Potion            |       |       |     4 ||     4
 Stab: Sleeping          |     3 |     5 |       ||     8
       Distracted        |       |     4 |       ||     4
Armor: Robe              |    16 |    15 |     7 ||    38
Dodge: Dodged            |    46 |    51 |    26 ||   123

Table legend: (Time is in decaauts)
 A = Elapsed time spent in this place.
 B = Non-inter-level travel time spent in this place.
 C = Inter-level travel time spent in this place.
 D = Time resting spent in this place.
 E = Time spent auto-exploring this place.
 F = Levels seen in this place.
 G = Mean time per level.
                   A        B        C        D        E       F      G
               +--------+--------+--------+--------+--------+-----+--------+
         Total |   5886 |   5777 |    109 |   1253 |   3464 |   6 |  981.0 |
       Dungeon |   5886 |   5777 |    109 |   1253 |   3464 |   6 |  981.0 |
               +--------+--------+--------+--------+--------+-----+--------+

Top non-repeatable levels by time:
     D:1: 1901 daAuts
     D:2: 1045 daAuts
     D:3: 896 daAuts
     D:4: 849 daAuts
     D:5: 613 daAuts
     D:6: 580 daAuts
